3AAA
BRINKLEY BELUGAS @ ELLENBURG FIGHTING DACHSUNDS
07/25/2028
 
TOP OF THE 1ST
Brinkley Belugas batting - Pitching for Ellenburg Fighting Dachsunds : RHP Gabriel Escobar
Pitching: RHP Gabriel Escobar
Batting: LHB Marcos Deleón 0-0: Called Strike
0-1: Ball
1-1: Ground out U3 (Groundball, 34S)
Batting: RHB Griffin Woodfinlevine 0-0: Ball
1-0: Fly out, F9 (Flyball, 89M)
Batting: LHB Mike Cook 0-0: Ball
1-0: Swinging Strike
1-1: Foul Ball, location: 2F
1-2: Foul Ball, location: 2F
1-2: Foul Ball, location: 2F
1-2: Ball
2-2: Fly out, F7 (Flyball, 7D)
Top of the 1st over - 0 run(s), 0 hit(s), 0 error(s), 0 left on base; Brinkley 0 - Ellenburg 0
BOTTOM OF THE 1ST
Ellenburg Fighting Dachsunds batting - Pitching for Brinkley Belugas : RHP Alejandro Araya
Pitching: RHP Alejandro Araya
Batting: RHB Norman Winston 0-0: Called Strike
0-1: Ball
1-1: Swinging Strike
1-2: Ball
2-2: Ball
3-2: Foul Ball, location: 2F
3-2: Base on Balls
Batting: RHB José Vázquez 0-0: Ball
1-0: Ball
2-0: Ball
3-0: Called Strike
3-1: Grounds into double play, 6-4-3 (Groundball, 6)
Batting: RHB Jack Burton 0-0: Swinging Strike
0-1: Swinging Strike
0-2: Strikes out swinging
Bottom of the 1st over - 0 run(s), 0 hit(s), 0 error(s), 0 left on base; Brinkley 0 - Ellenburg 0
TOP OF THE 2ND
Brinkley Belugas batting - Pitching for Ellenburg Fighting Dachsunds : RHP Gabriel Escobar
Batting: RHB Brandon Cole 0-0: Called Strike
0-1: Ball
1-1: Foul Ball, location: 2F
1-2: Strikes out swinging
Batting: RHB Steve Jones 0-0: Called Strike
0-1: Foul Ball, location: 2F
0-2: Strikes out swinging
Batting: RHB Orlando Velásquez 0-0: Called Strike
0-1: Called Strike
0-2: Ball
1-2: Foul Ball, location: 2F
1-2: Foul Ball, location: 2F
1-2: Ball
2-2: Ball
3-2: SINGLE (Groundball, 4MD)
Batting: RHB Edgardo Bello 0-0: 2-RUN HOME RUN (Flyball, 7LD), Distance : 366 ft
Batting: RHB Parker Smith 0-0: Called Strike
0-1: Ball
1-1: Ball
2-1: SINGLE (Groundball, 34D)
Batting: LHB Harold Wiggins 0-0: SINGLE (Line Drive, 9LS)
Parker Smith to second
Batting: LHB Marcos Deleón 0-0: Ball
1-0: Called Strike
1-1: Swinging Strike
1-2: Strikes out swinging
Top of the 2nd over - 2 run(s), 4 hit(s), 0 error(s), 2 left on base; Brinkley 2 - Ellenburg 0
BOTTOM OF THE 2ND
Ellenburg Fighting Dachsunds batting - Pitching for Brinkley Belugas : RHP Alejandro Araya
Batting: RHB Héctor Rivera 0-0: Ball
1-0: Ball
2-0: Ball
3-0: Called Strike
3-1: Base on Balls
Batting: LHB José Ortega 0-0: Ball
1-0: Foul Ball, location: 2F
1-1: Ball
2-1: Fly out, F7 (Line Drive, 7D)
Batting: RHB Edwin Berns 0-0: Foul Ball, location: 2F
0-1: Swinging Strike
0-2: Ball
1-2: Fly out, F8 (Flyball, 8RS)
Batting: RHB Gonzalo Sánchez 0-0: Ball
1-0: Called Strike
1-1: Foul Ball, location: 2F
1-2: Ball
2-2: DOUBLE (Line Drive, 89S)
Héctor Rivera to third
Batting: RHB Marty Jennings 0-0: Called Strike
0-1: Called Strike
0-2: Ball
1-2: Fly out, F9 (Flyball, 9)
Bottom of the 2nd over - 0 run(s), 1 hit(s), 0 error(s), 2 left on base; Brinkley 2 - Ellenburg 0
TOP OF THE 3RD
Brinkley Belugas batting - Pitching for Ellenburg Fighting Dachsunds : RHP Gabriel Escobar
Batting: RHB Griffin Woodfinlevine 0-0: Called Strike
0-1: Called Strike
0-2: Ball
1-2: Foul Ball, location: 2F
1-2: Foul Ball, location: 2F
1-2: Ball
2-2: Foul Ball, location: 2F
2-2: Strikes out swinging
Batting: LHB Mike Cook 0-0: Called Strike
0-1: Ball
1-1: Called Strike
1-2: Ball
2-2: Ball
3-2: Base on Balls
Batting: RHB Brandon Cole 0-0: Ball
1-0: Ball
2-0: Called Strike
2-1: SINGLE (Groundball, 56D)
Mike Cook to second
Batting: RHB Steve Jones 0-0: Ball
1-0: Called Strike
1-1: Swinging Strike
1-2: Ball
2-2: Foul Ball, location: 2F
2-2: Strikes out swinging
Batting: RHB Orlando Velásquez 0-0: Called Strike
0-1: Ball
1-1: Foul Ball, location: 2F
1-2: Ball
2-2: Foul Ball, location: 2F
2-2: Fly out, F9 (Flyball, 9S)
Top of the 3rd over - 0 run(s), 1 hit(s), 0 error(s), 2 left on base; Brinkley 2 - Ellenburg 0
BOTTOM OF THE 3RD
Ellenburg Fighting Dachsunds batting - Pitching for Brinkley Belugas : RHP Alejandro Araya
Batting: RHB Roy Bowman 0-0: Called Strike
0-1: Foul Ball, location: 2F
0-2: Ball
1-2: Ball
2-2: Foul Ball, location: 2F
2-2: Fly out, F8 (Flyball, 8RXD)
Batting: RHB Norman Winston 0-0: Ball
1-0: Fly out, F4 (Line Drive, 34)
Batting: RHB José Vázquez 0-0: Foul Ball, location: 2F
0-1: Called Strike
0-2: Ball
1-2: Foul Ball, location: 2F
1-2: Ball
2-2: Foul Ball, location: 2F
2-2: Foul Ball, location: 2F
2-2: Ball
3-2: SINGLE (Line Drive, 5D)
Batting: RHB Jack Burton 0-0: Ball
1-0: Called Strike
1-1: Ball
2-1: Called Strike
2-2: Ball
3-2: Strikes out looking
Bottom of the 3rd over - 0 run(s), 1 hit(s), 0 error(s), 1 left on base; Brinkley 2 - Ellenburg 0
TOP OF THE 4TH
Brinkley Belugas batting - Pitching for Ellenburg Fighting Dachsunds : RHP Gabriel Escobar
Batting: RHB Edgardo Bello 0-0: Foul Ball, location: 2F
0-1: Ball
1-1: Called Strike
1-2: Ball
2-2: Foul Ball, location: 2F
2-2: Foul Ball, location: 2F
2-2: Ball
3-2: Base on Balls
Batting: RHB Parker Smith 0-0: Ball
1-0: Called Strike
1-1: Grounds into double play, 4-6-3 (Groundball, 4)
Batting: LHB Harold Wiggins 0-0: Foul Ball, location: 2F
0-1: Ball
1-1: Ball
2-1: Foul Ball, location: 2F
2-2: Ball
3-2: Strikes out swinging
Top of the 4th over - 0 run(s), 0 hit(s), 0 error(s), 0 left on base; Brinkley 2 - Ellenburg 0
BOTTOM OF THE 4TH
Ellenburg Fighting Dachsunds batting - Pitching for Brinkley Belugas : RHP Alejandro Araya
Batting: RHB Héctor Rivera 0-0: Called Strike
0-1: Ball
1-1: Ball
2-1: Ball
3-1: Base on Balls
Batting: LHB José Ortega 0-0: Foul Ball, location: 2F
0-1: Ball
1-1: Foul Ball, location: 2F
1-2: Foul Ball, location: 2F
1-2: Ground out 5-3 (Groundball, 56S)
Héctor Rivera to second
Batting: RHB Edwin Berns 0-0: Ball
1-0: Ball
2-0: Ball
3-0: Called Strike
3-1: SINGLE (Line Drive, 4D)
Héctor Rivera to third
Batting: RHB Gonzalo Sánchez 0-0: Called Strike
0-1: Ball
1-1: Ball
2-1: Fly out, F8 (Flyball, 89M)
Runner from 3rd tags up, SCORES, throw made
Batting: RHB Marty Jennings 0-0: Called Strike
0-1: Ball
1-1: Ball
2-1: Swinging Strike
2-2: Ground out 6-3 (Groundball, 6)
Bottom of the 4th over - 1 run(s), 1 hit(s), 0 error(s), 1 left on base; Brinkley 2 - Ellenburg 1
TOP OF THE 5TH
Brinkley Belugas batting - Pitching for Ellenburg Fighting Dachsunds : RHP Gabriel Escobar
Batting: LHB Marcos Deleón 0-0: Ground out 1-3 (Groundball, 13S)
Batting: RHB Griffin Woodfinlevine 0-0: Foul Ball, location: 2F
0-1: Ball
1-1: Ground out 5-3 (Groundball, 56)
Batting: LHB Mike Cook 0-0: Called Strike
0-1: Ball
1-1: Ball
2-1: Fly out, F8 (Flyball, 8RS)
Top of the 5th over - 0 run(s), 0 hit(s), 0 error(s), 0 left on base; Brinkley 2 - Ellenburg 1
BOTTOM OF THE 5TH
Ellenburg Fighting Dachsunds batting - Pitching for Brinkley Belugas : RHP Alejandro Araya
Batting: RHB Roy Bowman 0-0: Called Strike
0-1: Ball
1-1: Called Strike
1-2: Fly out, F8 (Flyball, 8RD)
Batting: RHB Norman Winston 0-0: Ball
1-0: Ball
2-0: Called Strike
2-1: Ground out 6-3 (Groundball, 56)
Batting: RHB José Vázquez 0-0: Ball
1-0: Foul Ball, location: 2F
1-1: Ground out 4-3 (Groundball, 4)
Bottom of the 5th over - 0 run(s), 0 hit(s), 0 error(s), 0 left on base; Brinkley 2 - Ellenburg 1
TOP OF THE 6TH
Brinkley Belugas batting - Pitching for Ellenburg Fighting Dachsunds : RHP Gabriel Escobar
Batting: RHB Brandon Cole 0-0: Ball
1-0: Ball
2-0: Called Strike
2-1: Foul Ball, location: 2F
2-2: Ball
3-2: Foul Ball, location: 2F
3-2: Foul Ball, location: 2F
3-2: Foul Ball, location: 2F
3-2: Base on Balls
Pitching: LHP Ron Anderson
Batting: RHB Steve Jones 0-0: Called Strike
0-1: Ball
1-1: Swinging Strike
1-2: Strikes out swinging
Batting: RHB Orlando Velásquez 0-0: Ball
1-0: Ball
2-0: Swinging Strike
2-1: Swinging Strike
2-2: Ball
3-2: Grounds into double play, 6-4-3 (Groundball, 6)
Top of the 6th over - 0 run(s), 0 hit(s), 0 error(s), 0 left on base; Brinkley 2 - Ellenburg 1
BOTTOM OF THE 6TH
Ellenburg Fighting Dachsunds batting - Pitching for Brinkley Belugas : RHP Alejandro Araya
Batting: RHB Jack Burton 0-0: Ball
1-0: Ball
2-0: SINGLE (Groundball, 34D)
Pitching: LHP Don Teehan
Batting: RHB Héctor Rivera 0-0: Fly out, F7 (Line Drive, 7)
Batting: LHB José Ortega 0-0: Ball
1-0: SINGLE (Line Drive, 6D)
Jack Burton to second
Batting: RHB Edwin Berns 0-0: Called Strike
0-1: Ball
1-1: Foul Ball, location: 2F
1-2: Foul Ball, location: 2F
1-2: 3-RUN HOME RUN (Flyball, 78XD) (Inside the Park)
Pitching: LHP Ramón García
Batting: RHB Gonzalo Sánchez 0-0: Foul Ball, location: 2F
0-1: Foul Ball, location: 2F
0-2: Foul Ball, location: 2F
0-2: Fly out, F3 (Popup, 3L)
Batting: RHB Marty Jennings 0-0: Called Strike
0-1: Ball
1-1: Ground out 6-3 (Groundball, 6)
Bottom of the 6th over - 3 run(s), 3 hit(s), 0 error(s), 0 left on base; Brinkley 2 - Ellenburg 4
TOP OF THE 7TH
Brinkley Belugas batting - Pitching for Ellenburg Fighting Dachsunds : LHP Ron Anderson
Batting: RHB Edgardo Bello 0-0: Called Strike
0-1: Ball
1-1: Called Strike
1-2: Strikes out swinging
Batting: RHB Parker Smith 0-0: Ball
1-0: SINGLE (Groundball, 34D)
Batting: LHB Harold Wiggins 0-0: Called Strike
0-1: Fielders Choice at 2nd, 4-6 (Groundball, 4)
Batting: LHB Marcos Deleón 0-0: Ball
1-0: Ball
2-0: Ball
3-0: Called Strike
3-1: Foul Ball, location: 2F
3-2: Hit by Pitch
Harold Wiggins to second
Batting: RHB Griffin Woodfinlevine 0-0: SINGLE (Line Drive, 6MD)
Harold Wiggins to third
Marcos Deleón to second
Runner from 3rd tries for Home, SAFE, no throw
Pinch Hitting: SHB Zuberi Mccray 0-0: Ball
1-0: Foul Ball, location: 2F
1-1: Foul Ball, location: 2F
1-2: SINGLE (Line Drive, 78S)
Marcos Deleón to third
Griffin Woodfinlevine to second
Runner from 3rd tries for Home, SAFE, no throw
Batting: RHB Brandon Cole 0-0: Ball
1-0: Swinging Strike
1-1: Ball
2-1: Foul Ball, location: 2F
2-2: Strikes out swinging
Top of the 7th over - 2 run(s), 3 hit(s), 0 error(s), 2 left on base; Brinkley 4 - Ellenburg 4
BOTTOM OF THE 7TH
Ellenburg Fighting Dachsunds batting - Pitching for Brinkley Belugas : LHP Ramón García
Now at 1B: Manny Carbajal
Batting: RHB Roy Bowman 0-0: Ball
1-0: Ball
2-0: Ball
3-0: Base on Balls
Pinch Hitting: RHB Preston Hernández 0-0: Bunted foul
0-1: Bunt missed!
0-2: Ball
1-2: Strikes out swinging
Batting: RHB José Vázquez 0-0: Ball
1-0: Ball
2-0: DOUBLE (Flyball, 9D)
Roy Bowman to third
Runner from 3rd tries for Home, SAFE, throw made home
Batting: RHB Jack Burton 0-0: Called Strike
0-1: Ground out 5-3 (Groundball, 5)
Batting: RHB Héctor Rivera 0-0: Intentional Walk
Pinch Hitting: RHB Gerjan de Best 0-0: Foul Ball, location: 2F
0-1: Swinging Strike
0-2: Foul Ball, location: 2F
0-2: Fielders Choice at 2nd, 5-4 (Groundball, 5)
Bottom of the 7th over - 1 run(s), 1 hit(s), 0 error(s), 1 left on base; Brinkley 4 - Ellenburg 5
TOP OF THE 8TH
Brinkley Belugas batting - Pitching for Ellenburg Fighting Dachsunds : LHP Ron Anderson
Pitching: RHP Garrett Harrington
Now at SS: Gerjan de Best
Now in RF: Preston Hernández
Batting: RHB Steve Jones 0-0: Ball
1-0: Foul Ball, location: 2F
1-1: Ball
2-1: Swinging Strike
2-2: Strikes out looking
Batting: RHB Orlando Velásquez 0-0: Foul Ball, location: 2F
0-1: Ball
1-1: Swinging Strike
1-2: Ball
2-2: Foul Ball, location: 2F
2-2: Ball
3-2: Foul Ball, location: 2F
3-2: Foul Ball, location: 2F
3-2: Foul Ball, location: 2F
3-2: Ground out 6-3 (Groundball, 6)
Batting: RHB Edgardo Bello 0-0: Ball
1-0: Ground out 4-3 (Groundball, 4)
Top of the 8th over - 0 run(s), 0 hit(s), 0 error(s), 0 left on base; Brinkley 4 - Ellenburg 5
BOTTOM OF THE 8TH
Ellenburg Fighting Dachsunds batting - Pitching for Brinkley Belugas : LHP Ramón García
Batting: RHB Edwin Berns 0-0: Called Strike
0-1: Ball
1-1: SINGLE (Line Drive, 8LS)
Batting: RHB Gonzalo Sánchez 0-0: SINGLE (Line Drive, 89M)
Edwin Berns to second
Runner from 2nd tries for 3rd, SAFE, throw made to third
Batting: RHB Marty Jennings 0-0: Called Strike
0-1: Ball
1-1: Ball
2-1: Ball
3-1: Foul Ball, location: 2F
3-2: Ground out 5-3 (Groundball, 25)
Gonzalo Sánchez to second
Batting: RHB Roy Bowman 0-0: Called Strike
0-1: Ball
1-1: Ball
2-1: Ball
3-1: Base on Balls
Batting: RHB Preston Hernández 0-0: Called Strike
0-1: Grounds into fielders choice 5-2 (Groundball, 25)
Gonzalo Sánchez to third
Roy Bowman to second
Batting: RHB José Vázquez 0-0: Ball
1-0: SINGLE (Groundball, 6S) (infield hit)
Gonzalo Sánchez scores
Roy Bowman to third
Preston Hernández to second
Pitching: RHP Carlos Padrón
Batting: RHB Jack Burton 0-0: Ball
1-0: Ball
2-0: Ball
3-0: Base on Balls
Roy Bowman scores
Preston Hernández to third
José Vázquez to second
Batting: RHB Héctor Rivera 0-0: Ball
1-0: Ground out 5-3 (Groundball, 56S)
Bottom of the 8th over - 2 run(s), 3 hit(s), 0 error(s), 3 left on base; Brinkley 4 - Ellenburg 7
TOP OF THE 9TH
Brinkley Belugas batting - Pitching for Ellenburg Fighting Dachsunds : RHP Garrett Harrington
Pitching: LHP An Jang-Yop
Batting: RHB Parker Smith 0-0: Called Strike
0-1: Ball
1-1: Foul Ball, location: 2F
1-2: Strikes out swinging
Batting: LHB Harold Wiggins 0-0: Ball
1-0: Reached on error, E3 (Popup, 3S)
Batting: LHB Marcos Deleón 0-0: Called Strike
0-1: Ball
1-1: Ball
2-1: Foul Ball, location: 2F
2-2: Ball
3-2: Base on Balls
Harold Wiggins to second
Batting: RHB Griffin Woodfinlevine 0-0: Swinging Strike
0-1: Called Strike
0-2: Ball
1-2: Strikes out looking
Pinch Hitting: RHB José Ruíz 0-0: Called Strike
0-1: Ball
1-1: Foul Ball, location: 2F
1-2: Foul Ball, location: 2F
1-2: Strikes out swinging
Top of the 9th over - 0 run(s), 0 hit(s), 1 error(s), 2 left on base; Brinkley 4 - Ellenburg 7
Friday, August 18th, 2017 - OOTP Baseball 17.12 Build 75